Cogmind - Beta 11 @@@ ROGUE MODE // 2022.04.07 @ 15:36:51 Player: lepoulpe303 Result: Destroyed by S-10 Pest with Light Assault Rifle Performance ------------- Evolutions (1) 500 Regions Visited (2) 400 Robots Destroyed (41) 205 Value Destroyed (1220) 1220 Prototype IDs (0) 0 Alien Tech Used (0) 0 Bonus (128) 128 TOTAL SCORE: 2453 Bonus ------- High Alert Combat Kills 128 Cogmind --------- Core Integrity 0/400 Matter 258/300 Energy 100/100 System Corruption 1% Temperature Cool (0) Movement Core (100) Ox1 Location -9/Materials Parts ------- > --- POWER (1) -------- (None) > --- PROPULSION (2) --- (None) > --- UTILITY (3) ------ Small Storage Unit Terrain Scan Processor > --- WEAPON (3) ------- (None) > --- INVENTORY (8) ---- Ion Engine Ion Engine Heavy Ion Engine Aluminum Leg Aluminum Leg Heavy EM Pulse Gun Peak State ------------ > --- POWER ------------ Improved Ion Engine > --- PROPULSION ------- Aluminum Leg Aluminum Leg > --- UTILITY ---------- Small Storage Unit High-capacity Battery Terrain Scan Processor > --- WEAPON ----------- Heavy Assault Rifle Heavy Assault Rifle Grenade Launcher > --- INVENTORY -------- Ion Engine Ion Engine Heavy Ion Engine Aluminum Leg Aluminum Leg Heavy EM Pulse Gun Heavy Assault Rifle [Rating: 14] Favorites ----------- Power Light Ion Engine Engine Light Ion Engine Propulsion Aluminum Leg Leg Aluminum Leg Utility Small Storage Unit Device Structural Scanner Storage Small Storage Unit Processor Terrain Scan Processor Protection Propulsion Shielding Weapon Heavy Assault Rifle Energy Gun Medium Laser Ballistic Gun Heavy Assault Rifle Launcher Grenade Launcher Build | -11 -10 -9 ------- Run | Scr Mat Mat Slots Evolved 2 | . . 2 Power . | . . . Propulsion . | . . . Utility 1 | . . 1 Weapon 1 | . . 1 Parts Attached 24 | 6 3 15 Power 4 | 1 1 2 Engine 4 | 1 1 2 Core . | . . . Reactor . | . . . Propulsion 5 | 2 1 2 Treads . | . . . Leg 5 | 2 1 2 Wheel . | . . . Hover . | . . . Flight . | . . . Utility 6 | 1 1 4 Device 2 | . 1 1 Storage 2 | 1 . 1 Processor 1 | . . 1 Hackware . | . . . Protection 1 | . . 1 Artifact . | . . . Weapon 9 | 2 . 7 Energy Gun 3 | 1 . 2 Energy Cannon . | . . . Ballistic Gun 5 | 1 . 4 Ballistic Cannon . | . . . Launcher 1 | . . 1 Special Weapon . | . . . Impact Weapon . | . . . Slashing Weapon . | . . . Piercing Weapon . | . . . Special Melee Weapon . | . . . Unidentified Prototypes . | . . . Parts Lost 18 | . 2 16 Power 4 | . 1 3 Propulsion 4 | . 1 3 Utility 2 | . . 2 Weapon 8 | . . 8 Highest Loss Streak 6 | . 2 6 To Critical Strikes . | . . . Average Slot Usage (%) 87 | . 93 85 Engine 10 | . 13 9 Leg 21 | . 27 20 Device 5 | . 9 4 Storage 11 | . 14 11 Processor 3 | . . 4 Protection 3 | . . 5 Energy Gun 12 | . 14 11 Ballistic Gun 14 | . 14 14 Launcher 3 | . . 4 Naked Turns . | . . . Heaviest Build 22 | 12 13 22 Greatest Support 20 | 20 20 20 Greatest Overweight (x) 3 | . . 3 Average Overweight (x) . | . . . Largest Inventory Capacity 8 | 8 8 8 Average Capacity 7 | 6 8 8 Most Carried 8 | 5 8 8 Average Carried 6 | 2 5 6 Final Capacity 8 | 8 8 8 Final Carried 8 | 2 8 6 Class Distribution -------------------- 41% | Mutant 27% | Scavenger-Mutant 11% | Tank 9% | Scavenger-Skirmisher 5% | Scavenger-Tank Dominant Class ---------------- Mutant | -10/Materials Scavenger-Mutant | -9/Materials Resources | -11 -10 -9 ----------- Run | Scr Mat Mat Matter Collected 777 | 247 102 428 Remotely . | . . . Salvage Created 1425 | . 309 1116 Parts 92 | . 17 75 Haulers Intercepted . | . . . Recyclers Shooed 2 | . 1 1 Parts Field Recycled . | . . . Retrieved Matter . | . . . Parts Self-Destructed . | . . . Prevented . | . . . Kills | -11 -10 -9 ------- Run | Scr Mat Mat Combat Hostiles Destroyed 35 | . 6 29 Guns 33 | . 6 27 AOE 2 | . . 2 Classes Destroyed 6 | . 3 3 Builder 3 | . 1 2 Watcher 3 | . 1 2 Swarmer 7 | . . 7 Grunt 20 | . 6 14 Brawler 1 | . . 1 Sentry 7 | . . 7 Best Kill Streak 6 | . 2 6 Combat Bots Only 5 | . 2 5 Max Kills in Single Turn 3 | . 1 3 Gunslinging 1 | . . 1 Exploded 2 | . . 2 Melee . | . . . Uniques/NPCs Destroyed . | . . . Combat | -11 -10 -9 -------- Run | Scr Mat Mat Damage Taken 2029 | . 366 1663 Core 459 | . 53 406 Absorbed by Shields . | . . . Redirected to Shielding 50 | . . 50 Core Remaining (%) 89 | 100 78 . Volleys Fired 128 | . 24 104 Largest 3 | . 2 3 Hottest 138 | . 60 138 Shots Fired 277 | . 48 229 Gun 274 | . 48 226 Cannon . | . . . Launcher 3 | . . 3 Special . | . . . Kinetic 144 | . 24 120 Thermal 91 | . . 91 Explosive 3 | . . 3 Electromagnetic 39 | . 24 15 Robot Hit Streak 12 | . 7 12 Robot Miss Streak 12 | . 4 12 Penetration Max . | . . . Secondary Targets 7 | . 1 6 Max Gunslinging Chain 1 | . 1 1 Shots Hit Robots 155 | . 31 124 Core Hits 65 | . 15 50 Critical Kills . | . . . Critical Parts Destroyed 3 | . . 3 Critical Strikes 9 | . . 9 Burn 5 | . . 5 Destroy 3 | . . 3 Corrupt 1 | . . 1 Melee Attacks . | . . . Impact . | . . . Slashing . | . . . Piercing . | . . . Sneak Attacks . | . . . Combat Hostiles . | . . . Follow-up Attacks . | . . . Damage Inflicted 2381 | . 466 1915 Guns 2236 | . 419 1817 Cannons . | . . . Explosions 140 | . 42 98 Melee . | . . . Ramming 5 | . 5 . Kinetic 1175 | . 159 1016 Thermal 753 | . 42 711 Explosive 98 | . . 98 Electromagnetic 350 | . 260 90 Impact . | . . . Slashing . | . . . Piercing . | . . . Highest Corruption 1 | . 1 1 Average Corruption 1 | . 1 1 Corruption Purged . | . . . Corruption Blocked . | . . . Effects 2 | . . 2 Matter Fused 1 | . . 1 Data Loss (minor) 1 | . . 1 Overload Shots . | . . . Overflow Damage . | . . . Projectiles . | . . . Explosions . | . . . Melee . | . . . Knockbacks . | . . . Impact . | . . . Kinetic . | . . . Secondary . | . . . Self-Inflicted Damage 28 | . 28 . Shots 1 | . 1 . Rammed . | . . . Targets Rammed 4 | . 2 2 Kicked 4 | . 2 2 Crushed . | . . . Highest Temperature 505 | . 93 505 Average Temperature 120 | . 42 135 Received Heat Transfer 570 | . 186 384 Effects 4 | . . 4 Shutdowns 1 | . . 1 Energy Bleed 1 | . . 1 Interference 2 | . . 2 Siege Activations . | . . . Robots Corrupted . | . . . Combat Hostiles . | . . . Parts Fried 2 | . 2 . Impact Corruptions . | . . . Robots Melted . | . . . Combat Hostiles . | . . . Parts Melted 1 | . . 1 Heat Transferred 2270 | . 50 2220 Parts Sabotaged . | . . . Parts Stolen . | . . . Parts Stripped . | . . . Power Chain Reactions 1 | . 1 . Missiles Intercepted . | . . . Alert | -11 -10 -9 ------- Run | Scr Mat Mat Peak Influence 659 | . 199 659 Initial 83 | . . 83 Average 357 | . 107 446 Maximum Alert Level 2 | . . 2 Low Security (%) 32 | 100 100 10 Level 1 11 | . . 15 Level 2 55 | . . 74 Level 3 . | . . . Level 4 . | . . . Level 5 . | . . . High Security . | . . . Max Security . | . . . Squads Dispatched 7 | . 1 6 Investigation 4 | . . 4 Extermination . | . . . Reinforcement 3 | . 1 2 Assault . | . . . Garrison . | . . . Intercept . | . . . Searches Triggered . | . . . Construction Impeded . | . . . Haulers Reinforced . | . . . Active Scanning Responses . | . . . Cargo Convoy Interrupts . | . . . Stealth | -11 -10 -9 --------- Run | Scr Mat Mat Distress Signals 3 | . . 3 Communications Jammed . | . . . Distress Signals . | . . . Times Spotted 62 | . 11 51 Peak Tracking Total 7 | . 3 7 Tactical Retreats 6 | . . 6 Traps | -11 -10 -9 ------- Run | Scr Mat Mat Traps Triggered 5 | . 2 3 Indirectly . | . . . Trap Hack Attempts . | . . . Triggered . | . . . Disarmed . | . . . Reprogrammed . | . . . Reused . | . . . Traps Extracted . | . . . Installed . | . . . Triggered . | . . . Machines | -11 -10 -9 ---------- Run | Scr Mat Mat Machines Disabled 3 | . 1 2 Max in Single Turn 1 | . 1 1 Machines Sabotaged . | . . . Garrisons Compromised . | . . . Overloaded Fab Kills . | . . . Hacking | -11 -10 -9 --------- Run | Scr Mat Mat Machines Accessed 3 | . 1 2 Terminals 2 | . 1 1 Fabricators . | . . . Repair Stations 1 | . . 1 Recycling Units . | . . . Scanalyzers . | . . . Garrison Access . | . . . Total Hacks 5 | . 1 4 Successful 2 | . . 2 Failed 3 | . 1 2 Catastrophic . | . . . Database Lockouts . | . . . Manual . | . . . Terminals 2 | . 1 1 Fabricators . | . . . Repair Stations 3 | . . 3 Recycling Units . | . . . Scanalyzers . | . . . Garrison Access . | . . . Terminal Hacks 1 | . . 1 Zone Layout 1 | . . 1 Fabricator Hacks . | . . . Repair Station Hacks 1 | . . 1 Scan Component 1 | . . 1 Recycling Unit Hacks . | . . . Scanalyzer . | . . . Garrison Access Hacks . | . . . Unauthorized Hacks . | . . . Terminals . | . . . Fabricators . | . . . Repair Stations . | . . . Recycling Units . | . . . Scanalyzers . | . . . Garrison Access . | . . . Data Cores Recovered . | . . . Used . | . . . Hacking Detections 1 | . . 1 Full Trace Events 1 | . . 1 Feedback Events 1 | . . 1 Corruption 1 | . . 1 Feedback Blocked . | . . . Robot Schematics Acquired . | . . . Robots Built . | . . . Authchips . | . . . Time . | . . . Total Robot Build Rating . | . . . Part Schematics Acquired . | . . . Parts Built . | . . . Authchips . | . . . Time . | . . . Total Part Build Rating . | . . . Parts Repaired . | . . . Time . | . . . Parts Recycled . | . . . Recycled Matter . | . . . Retrieved Matter . | . . . Retrieved Components . | . . . Parts Scanalyzed . | . . . Part Schematics Acquired . | . . . Parts Damaged . | . . . Bothacking | -11 -10 -9 ------------ Run | Scr Mat Mat Used RIF Installer . | . . . Robots Hacked . | . . . Non-combat . | . . . Combat . | . . . Robot Hacks Applied . | . . . Relay Couplers Released . | . . . Fabnet Peak Effective % . | . . . Robots Rewired . | . . . Allies Hacked . | . . . Hacks Repelled . | . . . Allies | -11 -10 -9 -------- Run | Scr Mat Mat Total Allies . | . . . Largest Group . | . . . Highest-Rated Group . | . . . Highest-Rated Ally . | . . . Total Orders . | . . . Ally Attacks . | . . . Total Damage . | . . . Kills . | . . . Allies Corrupted . | . . . Allies Melted . | . . . Intel | -11 -10 -9 ------- Run | Scr Mat Mat Robot Analysis Total . | . . . Derelict Logs Recovered . | . . . Drone Launches . | . . . Drone Recoveries . | . . . Exploration | -11 -10 -9 ------------- Run | Scr Mat Mat Turns Passed 1691 | 56 373 1262 Spaces Moved 895 | 44 228 623 Core 16 | 15 . 1 Treads . | . . . Legs 879 | 29 228 622 Wheels . | . . . Hover . | . . . Flight . | . . . Fastest Speed 50 | 50 120 120 Average Speed 129 | 96 120 135 Slowest Speed 260 | 120 120 260 Overloaded Moves . | . . . Propulsion Burnouts . | . . . Robots Hopped . | . . . Cave-ins Triggered . | . . . Exploration Rate (%) 33 | 3 41 57 Regions Visited 2 Branch Regions . Pre-discovered Areas . | . . . Known Exits Taken . | . . . Unknown Exits Taken 2 | 1 1 . Scrap Searched . | . . . Spaces Dug . | . . . Terrain Destroyed 24 | . 3 21 Melee . | . . . Projectile . | . . . AOE 24 | . 3 21 Terrain Rammed . | . . . Walls Destroyed . | . . . Machines Disabled . | . . . Actions | -11 -10 -9 --------- Run | Scr Mat Mat Total 1184 | 57 280 847 Wait 81 | . 11 70 Move 893 | 43 227 623 Hop . | . . . Pick Up 40 | 8 11 21 Fast Attach . | . . . Attach 24 | 6 3 15 Detach . | . . . Swap . | . . . Drop 14 | . 2 12 Fire 128 | . 24 104 Melee . | . . . Ram . | . . . Kick 4 | . 2 2 Crush . | . . . Escape Stasis . | . . . Rewire . | . . . Trap . | . . . Miscellaneous . | . . . Route ------- -11/Scrapyard -10/Materials -9/Materials (discovered 1 exit: [*Min]) History --------- Turn | Location | Event 4 | -11/Scrapyard | Discovered new exit (range 15) 57 | -11/Scrapyard | Entered Materials 302 | -10/Materials | Build established: Mutant 409 | -10/Materials | Discovered new exit (range 13) 430 | -10/Materials | Entered another Materials area 430 | -9/Materials | Evolved 2 slots: Utility x1, Weapon x1 989 | -9/Materials | Lost 3 parts (1p2w) 1150 | -9/Materials | Core integrity fell below 50% 1521 | -9/Materials | Build established: Scavenger-Mutant 1652 | -9/Materials | Discovered new exit (range 15) 1684 | -9/Materials | Core integrity fell below 20% 1692 | -9/Materials | Destroyed by S-10 Pest with Light Assault Rifle Last Messages --------------- 01652_ EXIT=FOUND 01653_ U-05 Engineer destroyed. 01654_ K-01 Serf collects debris. 01660_ System corrupted: Matter fused (-5). 01660_ R-06 Scavenger collects Sml. Laser. 01665_ K-01 Serf collects debris. 01667_ S-10 Pest destroyed. 01668_ K-01 Serf collects debris. 01668_ Aluminum Leg destroyed. 01673_ K-01 Serf collects debris. 01673_ Hvy. Assault Rifle destroyed. 01676_ K-01 Serf collects debris. 01681_ Aluminum Leg destroyed. 01682_ K-01 Serf collects debris. 01685_ Imp. Ion Engine destroyed. 01686_ K-01 Serf collects debris. 01687_ K-01 Serf cleans the Atomic Centrifuge. 01689_ Hvy. Assault Rifle destroyed. 01690_ Destroyed Flight Unit. 01691_ Hvy. Assault Rifle destroyed. Map ----- +----------------------------------------------------+ | ?????????????????????????????????????????????????? | | ?????????????????????????????????????????????????? | | ?????????????????????????????????????????????????? | | ?????????????????????????????????????????????????? | | ???????????????????????????????= ???????????????? | | ??????????????????????????????? < ??????????????? | | ??????????????????????????????? ??????????????? | | ??????????????????????????????? ??????????????? | | ??????????????????????????????? #??????????????? | | ??????????????????????????????? #??????????????? | | ??????????????????????????????? #??????????????? | | ??????????????????????????????# #??????????????? | | ??????????????????????????????# #??????????????? | | ?????????????????????????????? #??????????????? | | ??????????????????????????????# #??????????????? | | ??????????????????????????????# #??????????????? | | ??????????????????????????????# #??????????????? | | ??????????????????#######?????# #??????????????? | | ??????????????????# #######% +??????????????? | | ??????????????????# = [ #??????????????? | | ??????????????????# Ys=!!=!#??????????????? | | ??????????????????# kss%[%=%|#??????????????? | | ??????????????????# # ss####+##??????????????? | | ??????????????????### ### #???* ???????????????? | | ????????????????????# #?# #??? "???????????????? | | ???????????????######+###@ #???"""??????????????? | | ???????????????# # #???"""??????????????? | | ???????????????# """ # #???""""?????????????? | | ??????????????## "R # #????""??????????????? | | ??????????????# """ # #????????????????????? | | ??????????????##%!"" # s#######+###??????????? | | ???????????????#! # #??????????? | | ???????????????# # #??????????? | | ???????????????# # ^ #??????????? | | ???????????????# + ^ #??????????? | | ?????????????############ #??????????? | | ?????????????# ## """ """ #???????????? | | ??????????????? # """ """ ?#?########### | | ??????????????? """ # """ """ #? #?? | | ???????????????? """"" + m #? #?? | | ???????????????? """"" # +? #?? | | ?????????????????""""" # ##### #? #?? | | ????????????????? """ # #?????????###?#####?? | | ????????????????? # #???????????# #?????? | | #########??????######### #???????????# #?????? | | ######## ##### #???????????# #?????? | | + T #???????????# #?????? | | ######## ###########???????????# #?????? | | """ #????### ##??# #???????????# #?????? | | """ #????# #??# #???????????# #?????? | +----------------------------------------------------+ Best States ------------- Heat Dissipation 28 Energy Generation 12 Energy Capacity 515 Matter Stores 300 Matter Capacity 300 Sight Range 16 Terrain Scan Range 14 Terrain Scan Density 85 Propulsion Shielding 33 Evasion (%) 55 Item Schematics ----------------- None Robot Schematics ------------------ None Fabricated ------------ Nothing Alien Tech Used ----------------- None Achievements -------------- None Challenges ------------ None Game ------ Seed TerrabombGyrokineticMachine Manual? 0 Play Time 00:28:47 Cumulative 8.2 hours Start 2022.04.07 @ 15:02:56 End 2022.04.07 @ 15:36:51 Sessions 1 Manual Loads 0 Difficulty Rogue Special Mode None Game No. 15 Rogue 14 Adventurer 0 Explorer 1 Win Type - Total 0 Types 0/0/0/0/0/0/0/0/0 Lore% 2 Gallery% 11 Achievement% 9 Wizard Run 0 Options --------- ASCII 0 Keyboard 0 Movement Numpad Keybinds 0 Fullscreen 1 Font 36/Terminus Map View 76x50 Tactical HUD 1 Map Filters NONE Filters NONE Steam 1 RUN: 31f1293c-a405-460f-9086-f7eabbdc9800